 Dungeon Crawl Stone Soup version 0.31-a0-233-g139696dc86 (webtiles) character file.

Game seed: 17350500032237869810

661 Nattfarinn the Covert (level 7, -1/32 HPs)
             Began as a Spriggan Venom Mage on July 9, 2023.
             Was a Follower of Vehumet.
             Engulfed by a cloud of steam (3 damage)
             ... on level 5 of the Dungeon.
             The game lasted 00:14:15 (4694 turns).

Nattfarinn the Covert (Spriggan Venom Mage)         Turns: 4694, Time: 00:14:16

Health: -1/32      AC:  2    Str:  4    XL:     7   Next: 30%
Magic:  13/16      EV: 17    Int: 25    God:    Vehumet [*.....]
Gold:   176        SH:  0    Dex: 15    Spells: 6/16 levels left

rFire   . . .        c - +4 dagger
rCold   . . .        (no shield)
rNeg    . . .        a - +0 robe
rPois   .            (helmet restricted)
rElec   .            (no cloak)
rCorr   .            (gloves unavailable)
SInv    +            (boots unavailable)
Will    +....        (no amulet)
Stlth   ++++         k - +6 ring of intelligence
HPRegen 0.25/turn    (no ring)
MPRegen 0.15/turn

%: no passive effects
@: very quick
A: very small, no large weapons, unfitting armour, see invisible, speed 3
a: Renounce Religion


You were on level 5 of the Dungeon.
You worshipped Vehumet.
Vehumet was aware of your devotion.
You visited 1 branch of the dungeon, and saw 5 of its levels.

You collected 176 gold pieces.

Inventory:

Hand Weapons
 c - a +4 dagger (weapon)
Missiles
 y - a throwing net
Armour
 a - a +0 robe (worn)
Magical Staves
 v - a staff of death
Jewellery
 k - a +6 ring of intelligence (left hand)
 t - a ring of poison resistance
Wands
 w - a wand of iceblast (14)
Scrolls
 d - 2 scrolls of noise {unknown}
 e - a scroll of vulnerability {unknown}
 f - a scroll of enchant armour {unknown}
 g - 4 scrolls of identify {unknown}
 l - a scroll of torment {unknown}
 q - a scroll of teleportation {unknown}
 x - a scroll of enchant weapon {unknown}
Potions
 b - 3 potions of magic
 h - 2 potions of curing {unknown}
 i - 2 potions of mutation {unknown}
 j - a potion of enlightenment {unknown}
 m - a potion of haste {unknown}
 n - 3 potions of heal wounds {unknown}
 o - 2 potions of invisibility {unknown}
 p - 2 potions of degeneration {unknown}
 r - a potion of might {unknown}
 s - 2 potions of brilliance {unknown}
 u - a potion of lignification {unknown}


   Skills:
 - Level 2.6 Dodging
 * Level 9.3 Stealth
 + Level 5.4 Spellcasting
 - Level 1.4 Transmutations
 + Level 4.9 Poison Magic


You had 6 spell levels left.
You knew the following spells:

 Your Spells              Type           Power      Damage    Failure   Level
a - Sting                 Tmut/Pois      88%        1d7       2%          1
b - Poisonous Vapours     Pois/Air       38%        N/A       4%          2
c - Mephitic Cloud        Conj/Pois/Air  15%        N/A       12%         3
d - Olgreb's Toxic Radia  Pois           31%        N/A       10%         4

Your spell library contained the following spells:

 Spells                   Type           Power      Damage    Failure   Level
 Foxfire                  Conj/Fire      24%        2x1d5     8%          1
 Freeze                   Ice            24%        1d4       8%          1
 Frozen Ramparts          Ice            12%        1d2       24%         3
 Hailstorm                Conj/Ice       6%         3d4       24%         3
 Inner Flame              Hex/Fire       6%         N/A       24%         3
 Flame Wave               Conj/Fire      6%         2d5       61%         4
 Sticky Flame             Conj/Fire      6%         2d3       61%         4


Dungeon Overview and Level Annotations

Branches:
Dungeon (5/15)
 Temple: D:4-7

Altars:
Nemelex Xobeh
Okawaru
Vehumet
Xom

Shops:
D:2 =


Innate Abilities, Weirdness & Mutations

You are very small and have problems with some larger weapons.
You are too small for most types of armour.
You have supernaturally acute eyesight. (SInv)
You cover ground extremely quickly. (Speed+++)


Message History

The gnoll shouts!
Poisonous vapours surround the gnoll!
The gnoll looks even sicker.
Poisonous vapours surround the gnoll!
The gnoll looks as sick as possible!
You miscast Poisonous Vapours.
You are very lightly contaminated with residual magic.
Nothing appears to happen.
The gnoll hits you from afar with a +0 spear.
You kill the gnoll!
Vehumet accepts your kill.
You feel your power returning.
No target in view!
No target in view!
HP restored.
Your magical contamination has completely faded away.
Things that are here:
a +0 spear; a gnoll corpse You see here a +0 hand axe.
A steam dragon comes into view.
Found 5 stones.
The helpless steam dragon fails to defend itself.
You impale the steam dragon!!
The steam dragon is almost dead.
The steam dragon bites you but does no damage.
The steam dragon misses you.
Poisonous vapours surround the steam dragon!
The steam dragon is poisoned.
The steam dragon breathes steam at you. The ball of steam hits you!!
Ouch! That really hurt!
You are too injured to fight recklessly!
You are too injured to fight recklessly!
Found a ruby potion.
The steam dragon misses you. x2
You hit the steam dragon.
You kill the steam dragon!
Vehumet accepts your kill.
You are engulfed in a cloud of scalding steam.
* * * LOW HITPOINT WARNING * * *
Your Stealth skill increases to level 9!
You are engulfed in a cloud of scalding steam.
You die...

#..........#
#.#
#..##.#.#.###
#.# #.######
#.. ##.#.#.#
### ##.#.##
#####.#
#!.#§##
#..###.#§§#
#.....@§##
#########


There were no monsters in sight!

Vanquished Creatures
  A steam dragon (D:5)
  Edmund (D:4)
  A black bear (D:5)
  A sleepcap (D:5)
  2 orc wizards (D:3)
  11 gnolls
  6 adders
  A shadow imp (D:5)
  An ufetubus (D:5)
  2 worms
  7 orcs
  6 ball pythons
  8 endoplasms
  A giant cockroach (D:1)
  10 goblins
  3 hobgoblins (D:4)
  4 jackals
  2 quokkas
  4 bats
  2 frilled lizards (D:2)
  6 kobolds
  3 rats
83 creatures vanquished.

Notes
Turn   | Place    | Note
-------+----------+-------------------------------------------
     0 | D:1      | Nattfarinn the Spriggan Venom Mage began the quest for the
                  | Orb.
     0 | D:1      | Reached XP level 1. HP: 9/9 MP: 5/5
   265 | D:1      | Reached XP level 2. HP: 13/13 MP: 4/7
   587 | D:1      | Reached skill level 4 in Stealth
  1087 | D:2      | Reached XP level 3. HP: 14/16 MP: 2/8
  1270 | D:2      | Learned a level 2 spell: Poisonous Vapours
  1274 | D:2      | Learned a level 3 spell: Mephitic Cloud
  1283 | D:2      | Found a shimmering altar of Xom.
  1358 | D:2      | Found Danyucki's Jewellery Shop.
  1575 | D:3      | Found a sparkling altar of Nemelex Xobeh.
  1575 | D:3      | Found a radiant altar of Vehumet.
  1584 | D:3      | Became a worshipper of Vehumet
  1822 | D:2      | Reached skill level 5 in Stealth
  1919 | D:2      | Reached XP level 4. HP: 12/21 MP: 0/10
  1934 | D:2      | Learned a level 4 spell: Olgreb's Toxic Radiance
  2180 | D:3      | Reached skill level 6 in Stealth
  2182 | D:3      | Reached XP level 5. HP: 8/24 MP: 2/12
  2704 | D:3      | Reached * piety under Vehumet
  2704 | D:3      | Offered knowledge of Foxfire by Vehumet.
  3307 | D:4      | Reached skill level 7 in Stealth
  3373 | D:4      | Noticed Edmund
  3409 | D:4      | Killed Edmund
  3410 | D:4      | Reached XP level 6. HP: 8/28 MP: 3/14
  3902 | D:4      | Found an iron altar of Okawaru.
  4121 | D:5      | Entered Level 5 of the Dungeon
  4125 | D:5      | Reached skill level 8 in Stealth
  4168 | D:5      | Reached skill level 5 in Spellcasting
  4461 | D:5      | Reached XP level 7. HP: 32/32 MP: 3/15
  4687 | D:5      | Noticed a steam dragon
  4693 | D:5      | Killed a steam dragon
  4694 | D:5      | Reached skill level 9 in Stealth
  4694 | D:5      | Engulfed by a cloud of steam

Illustrated notes

Levels and vault maps discovered:
D:1:      elethiomel_arrival_shortcut, layout_rooms,
          nicolae_twisty_statue_hallways
D:2:      layout_rooms, basic_altar, serial_shops, nicolae_shop_gaudy_bauble
D:3:      layout_rooms, gammafunk_temple_overflow_statue,
          roderic_cross_of_infinity, kennysheep_generic_room_14
D:4:      layout_loops_ring, mainiacjoe_overflow_24_doors, uniq_edmund
D:5:      layout_loops_ring, corexii_corridor_pit, minmay_small_thing

Skill      XL: |  1  2  3  4  5  6  7 |
---------------+----------------------+-----
Spellcasting   | 3 4 5 |  5.4
Stealth        | 4 5 6 7 8 9 |  9.3
Poison Magic   | 4 |  4.9
Dodging        | |  2.6
Transmutations | |  1.4

Action                     |  1- 3 |  4- 6 |  7- 9 || total
---------------------------+-------+-------+-------++-------
  Melee: Dagger            |     5 |    52 |     5 ||    62
   Cast: Sting             |    73 |     6 |       ||    79
         Poisonous Vapours |    10 |    51 |     5 ||    66
         Olgreb's Toxic Ra |       |     5 |       ||     5
         Mephitic Cloud    |       |     3 |       ||     3
   Stab: Sleeping          |     2 |     9 |     1 ||    12
 Armour: Robe              |     3 |     5 |     1 ||     9
  Dodge: Dodged            |    20 |    43 |     6 ||    69

Table legend: (Time is in decaauts)
 A = Elapsed time spent in this place.
 B = Non-inter-level travel time spent in this place.
 C = Inter-level travel time spent in this place.
 D = Time resting spent in this place.
 E = Time spent auto-exploring this place.
 F = Levels seen in this place.
 G = Mean time per level.
                   A        B        C        D        E       F      G
               +--------+--------+--------+--------+--------+-----+--------+
         Total |   3707 |   3501 |    206 |    329 |   2664 |   5 |  741.4 |
       Dungeon |   3707 |   3501 |    206 |    329 |   2664 |   5 |  741.4 |
               +--------+--------+--------+--------+--------+-----+--------+

Top non-repeatable levels by time:
     D:2: 915 daAuts
     D:4: 796 daAuts
     D:3: 760 daAuts
     D:1: 753 daAuts
     D:5: 481 daAuts
